 Dungeon Crawl Stone Soup version 0.29-a0-393-g47a863cc1b (webtiles) character file.

Game seed: 986234683188972937

110 thorgi the Slasher (level 5, 41/41 HPs)
             Began as a Human Monk on May 10, 2022.
             Quit the game on level 3 of the Dungeon on Apr 24, 2023.
             The game lasted 00:37:08 (3070 turns).

thorgi the Slasher (Human Monk)                     Turns: 3070, Time: 00:37:08

Health: 41/41      AC:  4    Str: 10 (11) XL:     5   Next: 14%
Magic:  6/6        EV: 12    Int: 12 (15) God:
Gold:   85         SH:  0    Dex: 12 (15) Spells: 5/6 levels left

rFire   . . .      SeeInvis .   w - +2 dagger (drain)
rCold   . . .      Faith    .   (no shield)
rNeg    . . .      Spirit   .   s - +1 animal skin
rPois   .          Reflect  .   t - +0 helmet
rElec   .          Harm     .   (no cloak)
rCorr   .          Rampage  .   (no gloves)
Will    +....                   (no boots)
Stlth   ++........              (no amulet)
HPRegen 0.13/turn               (no ring)
MPRegen 0.10/turn               (no ring)

@: no status effects
A: talons 1, clever 1, strong-willed 1
a: no special abilities


You were on level 3 of the Dungeon.
You visited 1 branch of the dungeon, and saw 3 of its levels.

You collected 85 gold pieces.

Inventory:

Hand Weapons
 f - a +0 short sword of electrocution
 k - a +0 long sword
 u - a +0 dagger of draining
 v - a +1 dagger of venom
 w - a +2 dagger of draining (weapon)
 x - a +0 hunting sling
Missiles
 g - 88 stones
 r - 6 poisoned darts
Armour
 e - a +0 kite shield
 s - a +1 animal skin (worn)
 t - a +0 helmet (worn)
Jewellery
 a - a ring of protection from fire
 q - a ring of flight
 E - an amulet of guardian spirit
 F - a ring of flight
Scrolls
 d - 2 scrolls of poison
 i - a scroll of torment {unknown}
 n - a scroll of summoning {unknown}
 o - a scroll of fear {unknown}
 p - 3 scrolls of identify
 y - a scroll of immolation
 C - a scroll of fog {unknown}
Potions
 b - a potion of mutation
 c - a potion of ambrosia
 h - a potion of degeneration
 j - a potion of attraction {unknown}
 l - 2 potions of curing
 m - a potion of haste {unknown}
 z - a potion of brilliance {unknown}
 A - a potion of resistance {unknown}
 D - a potion of cancellation {unknown}


   Skills:
 - Level 3.0 Fighting
 - Level 3.0(3.9) Short Blades
 - Level 3.8(4.3) Long Blades
 - Level 3.0 Dodging
 - Level 2.0 Stealth
 - Level 1.0 Spellcasting
 + Level 0.9 Conjurations


You had 5 spell levels left.
You knew the following spells:

 Your Spells              Type           Power      Damage    Failure   Level
a - Magic Dart            Conj           8%         1d3       21%         1

Your spell library contained the following spells:

 Spells                   Type           Power      Damage    Failure   Level
 Summon Small Mammal      Summ           0%         N/A       30%         1
 Searing Ray              Conj           4%         2d4       30%         2
 Sublimation of Blood     Necr           0%         N/A       41%         2
 Call Canine Familiar     Summ           0%         N/A       65%         3
 Summon Guardian Golem    Hex/Summ       0%         N/A       65%         3
 Fulminant Prism          Conj/Hex       0%         3d6       94%         4
 Petrify                  Tmut/Erth      0%         N/A       96%         4
 Irradiate                Conj/Tmut      0%         3d13      100%        5


Dungeon Overview and Level Annotations

Branches:
Dungeon (3/15)

Altars:
Sif Muna
Xom

Annotations:
D:2 Sigmund


Innate Abilities, Weirdness & Mutations

You have sharp toenails.
Your mind is acute. (Int +2)
You are strong-willed. (Will+)


Message History

Found a robe.
b - 2 fuming white potions (gained 1)
l - 3 cyan potions (gained 1)
There is a stone staircase leading up here.
You see here a +0 robe.
Found a kite shield.
You now have 85 gold pieces (gained 3).
Found a scroll of poison.
You see here a +0 kite shield.
e - a +0 kite shield
d - 2 scrolls of poison (gained 1)
A rat comes into view.
You barely miss the rat. The rat bites you but does no damage.
You hit the rat.
You kill the rat!
You see here a +0 dagger.
Done exploring.
As you read the scroll labelled EVAIFU JOPNEYWK, it crumbles to dust.
The air around you briefly surges with heat, but it dissipates.
It was a scroll of immolation.
It was a potion of curing.
You feel better.
It was a potion of degeneration.
There was something very wrong with that liquid.
You feel weakened.
You feel dopey.
You feel clumsy.
It was a potion of mutation.
You feel extremely strange.
You feel strong-willed.
You feel clever.
Your toenails lengthen and sharpen.
Okay, then.
As you read the scroll labelled ZOTHERGHESIU, it crumbles to dust.
Magic quickly surges around you.
It was a scroll of vulnerability.
You start waiting.
You feel your willpower return.
You start waiting.
Done waiting.
You start waiting.
Done waiting.
You can't go down here!
Save game and exit?
Welcome back, thorgi the Human Monk.
Press ? for a list of commands and other information.
Are you sure you want to abandon this character and quit the game? (Confirm with "yes".)

.## ##.##..## ##.##....# .#
#.##..# #......#### ##
##..##.#####.........# #
#..............##.##.#####
########.#..###.#.######.##......
.........##..........# #.########
.######..............# #.# # ##
#####......>...###.# #
################@###.....# #
#.....##.....###.# ####### #
..............##.## #
...............#..# #
..........<....##.# #
....)..........##.# #
...............##.###
...............##...#
...............######


There were no monsters in sight!

Vanquished Creatures
  Robin (D:2)
  2 adders
  A worm (D:3)
  3 dart slugs
  6 ball pythons
  3 bats
  4 endoplasms
  2 giant cockroaches
  17 goblins
  8 hobgoblins
  2 jackals (D:3)
  8 frilled lizards
  5 kobolds
  5 rats
67 creatures vanquished.

Vanquished Creatures (others)
  15 demonic plants (D:1)
  2 fungi (D:1)
  6 withered plants (D:1)
23 creatures vanquished.

Grand Total: 90 creatures vanquished

Notes
Turn   | Place    | Note
-------+----------+-------------------------------------------
     0 | D:1      | thorgi the Human Monk began the quest for the Orb.
     0 | D:1      | Reached XP level 1. HP: 18/18 MP: 1/1
   113 | D:1      | Reached XP level 2. HP: 19/24 MP: 2/2
   294 | D:1      | Reached skill level 1 in Short Blades
   468 | D:1      | Reached XP level 3. HP: 29/29 MP: 3/3
   469 | D:1      | Found a faded altar of an unknown god.
  1155 | D:2      | Noticed Robin
  1401 | D:2      | Reached XP level 4. HP: 35/35 MP: 4/4
  1417 | D:2      | Killed Robin
  1822 | D:2      | Found a shimmering altar of Xom.
  1964 | D:2      | Noticed Sigmund
  2285 | D:3      | Learned a level 1 spell: Magic Dart
  2328 | D:3      | Reached skill level 1 in Spellcasting
  2360 | D:3      | Reached XP level 5. HP: 41/41 MP: 4/6
  2394 | D:3      | Found a shimmering blue altar of Sif Muna.
  2831 | D:3      | Gained mutation: You are strong-willed. (Will+) [potion of
                  | mutation]
  2831 | D:3      | Gained mutation: Your mind is acute. (Int +2) [potion of
                  | mutation]
  2831 | D:3      | Gained mutation: You have sharp toenails. [potion of
                  | mutation]
  3070 | D:3      | Quit the game

Illustrated notes

Levels and vault maps discovered:
D:1:      eino_arrival_druids_welcome, layout_rooms,
          shapermc_ecumenical_altar_gd, st_stairs_4, nrook_mini_vaults,
          minmay_hexomino_c4
D:2:      layout_rooms, basic_altar, amcnicky_mini_pool_small,
          kennysheep_generic_room_4, uniq_robin, uniq_sigmund
D:3:      layout_rooms, old_standard_altar

Skill      XL: |  1  2  3  4 |
---------------+-------------+-----
Short Blades   | 1 2 3 |  3.0
Spellcasting   | 1 |  1.0
Fighting       | |  3.0
Long Blades    | |  3.8
Dodging        | |  3.0
Stealth        | |  2.0
Conjurations   | |  0.9

Action                   |  1- 3 |  4- 6 || total
-------------------------+-------+-------++-------
Melee: Falchion          |    81 |       ||    81
       Punch             |     3 |       ||     3
       Short sword       |    23 |    18 ||    41
       Dagger            |       |    67 ||    67
 Cast: Magic Dart        |       |     2 ||     2
  Use: Scroll            |     2 |     2 ||     4
       Potion            |       |     3 ||     3
 Stab: Sleeping          |     5 |     2 ||     7
Armor: Robe              |     8 |     1 ||     9
       Animal skin       |       |    15 ||    15
Dodge: Dodged            |    46 |    33 ||    79

Table legend: (Time is in decaauts)
 A = Elapsed time spent in this place.
 B = Non-inter-level travel time spent in this place.
 C = Inter-level travel time spent in this place.
 D = Time resting spent in this place.
 E = Time spent auto-exploring this place.
 F = Levels seen in this place.
 G = Mean time per level.
                   A        B        C        D        E       F      G
               +--------+--------+--------+--------+--------+-----+--------+
         Total |   3062 |   2984 |     78 |    956 |    599 |   3 | 1020.7 |
       Dungeon |   3062 |   2984 |     78 |    956 |    599 |   3 | 1020.7 |
               +--------+--------+--------+--------+--------+-----+--------+

Top non-repeatable levels by time:
     D:1: 1320 daAuts
     D:3: 915 daAuts
     D:2: 827 daAuts
